 Dungeon Crawl Stone Soup version 0.30-a0-626-gd6a5dd7a1f (webtiles) character file.

Game seed: 12818459186954420834

67 hikkokomori the Shield-Bearer (level 4, 0/38 HPs)
             Began as a Formicid Fighter on Jan 12, 2023.
             Slain by a gnoll
             ... wielding a +0 spear
              (1 damage)
             ... on level 2 of the Dungeon.
             The game lasted 00:01:36 (1098 turns).

hikkokomori the Shield-Bearer (Formicid Fighter)    Turns: 1098, Time: 00:01:37

Health: 0/38       AC:  6    Str: 23    XL:     4   Next: 40%
Magic:  4/4        EV:  9    Int:  7    God:
Gold:   32         SH:  5    Dex: 13    Spells: 3/3 levels left

rFire   + . .      SeeInvis +    a - +1 quarterstaff
rCold   + . .      Faith    .    c - +0 buckler
rNeg    . . .      Spirit   .    b - +0 scale mail
rPois   .          Reflect  .    (helmet unavailable)
rElec   .          Harm     .    e - scarf {rC+ rF+}
rCorr   .          Rampage  .    (no gloves)
Will    .....                    (no boots) Stlth
                                 (no amulet)
HPRegen 0.26/turn                (no ring)
MPRegen 0.09/turn                (no ring)

@: mighty
A: permanent stasis, dig shafts and tunnels, antennae 3, four strong arms
a: Dig, Shaft Self


You were on level 2 of the Dungeon.
You visited 1 branch of the dungeon, and saw 2 of its levels.

You collected 32 gold pieces.

Inventory:

Hand Weapons
 a - a +1 quarterstaff (weapon)
Armour
 b - a +0 scale mail (worn)
 c - a +0 buckler (worn)
 e - a scarf of resistance (worn)
Potions
 f - 2 potions of curing
 k - a potion of attraction {unknown}


   Skills:
 + Level 4.4 Fighting
 - Level 2.0 Staves
 - Level 3.2 Armour
 + Level 5.4 Shields


You had 3 spell levels left.
You didn't know any spells.
Your spell library contained the following spells:

 Spells                   Type           Power      Damage    Failure   Level
 Summon Guardian Golem    Hex/Summ       0%         N/A       99%         3
 Orb of Destruction       Conj           0%         9d5       100%        7
 Spellforged Servitor     Conj/Summ      0%         N/A       100%        7


Dungeon Overview and Level Annotations

Branches:
Dungeon (2/15)

Altars:


Innate Abilities, Weirdness & Mutations

You cannot be hasted, slowed, berserked, paralysed or teleported.
You can dig through walls and to a lower floor.
You have a pair of large antennae on your head. (SInv)
Your four strong arms can wield two-handed weapons with a shield.


Message History

The iguana barely misses you.
You completely miss the iguana.
The iguana is severely wounded.
You feel your willpower return.
The gnoll shouts!
You block the iguana's attack.
You closely miss the iguana.
The iguana is severely wounded.
The iguana bites you! The gnoll hits you but does no damage.
You sock the iguana!
You kill the iguana!
You block the adder's attack. You block the gnoll's attack.
The adder bites you. The gnoll hits you but does no damage.
The gnoll hits you from afar with a +0 spear.
Your Shields skill increases to level 5!
You have reached level 4!
You feel stronger.
Unknown command.
Unknown command.
The adder barely misses you. The adder attacks as you move away!
You block the adder's attack.
You hit the adder but do no damage. The adder misses you.
You block the gnoll's attack.
You sock the adder!
You kill the adder!
The gnoll hits you from afar with a +0 spear!
It was a potion of curing.
You feel better. You block the gnoll's attack.
The gnoll hits you from afar with a +2 heavy spear!
The gnoll hits you from afar with a +0 spear.
* * * LOW HITPOINT WARNING * * *
The gnoll barely misses you.
You closely miss the gnoll. The gnoll barely misses you.
The gnoll hits you from afar with a +0 spear.
* * * LOW HITPOINT WARNING * * *
The gnoll barely misses you.
You feel very mighty all of a sudden.
The gnoll hits you from afar with a +0 spear.
* * * LOW HITPOINT WARNING * * *
The gnoll hits you with a +0 spear.
You die...

#. #. ..# #####.### #.#
........# #.# ....)...#
#.#..# ......†.###.#..#
........gg#.#..#
........#g#.#..#
........#@#.#..#
........#...#..#
##########..#..###########
###................
#.......###########
#.....>.# #......##
#......# #.....†#


You could see 3 gnolls.

Vanquished Creatures
  An iguana (D:2)
  An adder (D:2)
  8 ball pythons (D:1)
  4 bats (D:1)
  3 endoplasms (D:1)
  2 goblins (D:1)
  2 hobgoblins (D:1)
  2 jackals (D:1)
  2 quokkas (D:1)
  2 frilled lizards (D:1)
  A kobold (D:1)
  2 rats
30 creatures vanquished.

Vanquished Creatures (others)
  2 plants (D:1)
2 creatures vanquished.

Grand Total: 32 creatures vanquished

Notes
Turn   | Place    | Note
-------+----------+-------------------------------------------
     0 | D:1      | hikkokomori the Formicid Fighter began the quest for the
                  | Orb.
     0 | D:1      | Reached XP level 1. HP: 18/18 MP: 1/1
   102 | D:1      | Reached XP level 2. HP: 24/24 MP: 2/2
   251 | D:1      | Reached XP level 3. HP: 29/30 MP: 3/3
  1089 | D:2      | Reached skill level 5 in Shields
  1089 | D:2      | Reached XP level 4. HP: 18/38 MP: 4/4
  1098 | D:2      | HP: 1/38 [gnoll/+0 spear (3)]
  1098 | D:2      | Slain by a gnoll

Illustrated notes

Levels and vault maps discovered:
D:1:      eino_arrival_druids_welcome, layout_basic
D:2:      layout_basic, minmay_tromino_v7

Skill      XL: |  1  2  3 |
---------------+----------+-----
Fighting       | 4 |  4.4
Shields        | 5 |  5.4
Staves         | |  2.0
Armour         | |  3.2

Action                   |  1- 3 |  4- 6 || total
-------------------------+-------+-------++-------
Melee: Quarterstaff      |    76 |     3 ||    79
  Use: Scroll            |     4 |       ||     4
       Potion            |       |     2 ||     2
Armor: Scale mail        |    40 |       ||    40
Dodge: Dodged            |    35 |     5 ||    40
Block: Buckler           |    19 |     3 ||    22

Table legend: (Time is in decaauts)
 A = Elapsed time spent in this place.
 B = Non-inter-level travel time spent in this place.
 C = Inter-level travel time spent in this place.
 D = Time resting spent in this place.
 E = Time spent auto-exploring this place.
 F = Levels seen in this place.
 G = Mean time per level.
                   A        B        C        D        E       F      G
               +--------+--------+--------+--------+--------+-----+--------+
         Total |   1115 |   1115 |      0 |      0 |    868 |   2 |  557.5 |
       Dungeon |   1115 |   1115 |      0 |      0 |    868 |   2 |  557.5 |
               +--------+--------+--------+--------+--------+-----+--------+

Top non-repeatable levels by time:
     D:1: 1065 daAuts
     D:2: 50 daAuts
